 Dungeon Crawl Stone Soup version 0.18.1-50-g88ac8fd (webtiles) character file.

4172 Monkfish the Cleaver (level 10, -2/94 (95) HPs)
             Began as a Minotaur Berserker on Oct 22, 2016.
             Was a High Priest of Trog.
             Slain by a centaur (7 damage)
             ... while paralysed
             ... on level 8 of the Dungeon.
             The game lasted 00:11:04 (6861 turns).

Monkfish the Cleaver (Minotaur Berserker)           Turns: 6861, Time: 00:11:06

HP:   -2/94 (95)    AC:  6    Str: 24    XL:     10   Next: 7%
MP:   0/9           EV:  2    Int:  4    God:    Trog [*****.]
Gold: 294           SH:  0    Dex: 11    Spells: 0 memorised, 9 levels left

rFire  x . .     SeeInvis +     t - +10 trident "Juexymn" {venom, +Blink rPois rF- SInv}
rCold  . . .     Gourm    .     l - +2 robe {rN+}
rNeg   + . .     Faith    .     (no shield)
rPois  +         Spirit   +     (helmet restricted)
rElec  .         Dismiss  .     o - +0 cloak
rCorr  .         Reflect  .     (no gloves)
SustAt .         Harm     .     (no boots)
MR     .....                    i - amulet of guardian spirit
Stlth  +.........               (no ring)
                                (no ring)

@: paralysed, exhausted, fainting, slowed, not resistant to hostile
enchantments, very unstealthy
A: retaliatory headbutt, horns 2
a: Berserk, Trog's Hand, Brothers in Arms, Burn Spellbooks, Renounce Religion,
Evoke Blink


You were on level 8 of the Dungeon.
You worshipped Trog.
Trog was extremely pleased with you.
You were fainting.

You visited 1 branch of the dungeon, and saw 8 of its levels.
You also visited: Sewer.

You collected 489 gold pieces.
You spent 195 gold pieces at shops.

Inventory:

Hand Weapons
 a - a +1 hand axe
 e - a +0 hunting sling
 t - the +10 trident "Juexymn" (weapon) {venom, +Blink rPois rF- SInv}
   (You bought it in a shop on level 7 of the Dungeon)

   It poisons the flesh of those it strikes.
   It makes you vulnerable to fire.
   It protects you from poison.
   It lets you see invisible.
   It lets you blink.
Armour
 l - a +2 robe of positive energy (worn)
 n - a +0 chain mail
 o - a +0 cloak (worn)
Jewellery
 i - an amulet of guardian spirit (around neck)
Wands
 g - a wand of lightning (8/15)
Scrolls
 b - a scroll of recharging
 f - a scroll of blinking
 m - 6 scrolls of identify
 p - a scroll of noise {unknown}
 q - a scroll of fog {unknown}
 s - a scroll of magic mapping
Potions
 h - 7 potions of curing
 j - a potion of heal wounds
 k - a potion of haste
 r - a potion of flight
 u - a potion of agility
 v - a potion of might
Books
 w - a Necronomicon

   Spells                             Type                      Level
   a - Haunt                          Necromancy/Summoning         7
   b - Borgnjor's Revivification      Necromancy                   8
   c - Death's Door                   Charms/Necromancy            8
   d - Necromutation                  Transmutation/Necromancy     8
   Trog disapproves of the use of such an item.
Comestibles
 c - 2 bread rations
 d - 2 meat rations


   Skills:
 + Level 11.0 Fighting
 + Level 11.5 Axes
 + Level 0.5(7.4) Polearms
 * Level 8.7 Armour
 - Level 2.1 Dodging


You had 9 spell levels left.
You didn't know any spells.

Dungeon Overview and Level Annotations

Branches:
Dungeon (8/15)             Temple (0/1) D:7
   Lair: D:8-11

Altars:
Ashenzari
Dithmenos
Gozag
Makhleb
Pakellas
Ru
Sif Muna
Trog
Vehumet
Xom
Yredelemnul
Zin
The Shining One

Shops:
D:7 (


Innate Abilities, Weirdness & Mutations

You reflexively headbutt those who attack you in melee.
You have a pair of horns on your head.


Message History

You headbutt the hungry ghost! The centaur closely misses you.
You furiously retaliate!
You headbutt the centaur!
You lose consciousness!
The centaur wields an uncursed shortbow.
The centaur shoots an arrow.
The arrow hits you!
* * * LOW HITPOINT WARNING * * *
The hungry ghost hits you.
You feel slightly more hungry.
The centaur unwields an uncursed shortbow.
The centaur hits you.
* * * LOW HITPOINT WARNING * * *
The hungry ghost hits you.
You feel slightly more hungry. The centaur hits you.
* * * LOW HITPOINT WARNING * * *
The centaur hits you!
* * * LOW HITPOINT WARNING * * *
The hungry ghost hits you.
* * * LOW HITPOINT WARNING * * *
You feel slightly more hungry. The centaur hits you!
You die...

...### ### .#...### .....
.###...# ..?. )..###.# ...
..####.# #.# ._#2##[########.###
..####.........(..## #..
######.########.#c.#....#
.###...# ####(@W...# # .#.....##
##.(..##....... #
........###..##.# ####..# ##
#######.##..###.# ## #. ##..#.##
#.# ####. #. ######.....# #.#
#... #. .......#..#####.###.####
#.
.....####.###..........#########.
....## #..##....................


You could see a hungry ghost and a centaur.

Vanquished Creatures
  The ghost of nikopol the Chopper, a novice HOBe of Trog (D:5)
  An ugly thing (D:7)
  Grinder (D:4)
  Eustachio (D:4)
  2 hungry ghosts
  3 orc warriors
  A necrophage (D:6)
  A sky beast (D:8)
  An ogre (D:6)
  4 centaurs
  A big kobold (D:7)
  5 giant frogs
  3 killer bees (D:8)
  A scorpion (D:5)
  5 wights (D:8)
  A howler monkey (D:7)
  2 crimson imps
  2 centaur zombies
  2 giant frog zombies
  4 orc priests
  2 hounds
  A quasit (D:6)
  An iguana (D:5)
  7 orc wizards
  A worker ant (D:8)
  A gnoll (D:3)
  16 adders
  A river rat (D:3)
  2 shadow imps (D:7)
  8 oozes
  4 worms
  3 dart slugs (D:1)
  14 giant geckos
  27 orcs
  16 bats
  11 giant cockroaches
  6 goblins
  15 hobgoblins
  2 jackals (D:7)
  9 kobolds
  2 quokkas
  10 ball pythons
  A giant gecko zombie (D:5)
  15 giant newts
  9 rats
226 creatures vanquished.

Notes
Turn   | Place    | Note
--------------------------------------------------------------
     0 | D:1      | Monkfish the Minotaur Berserker began the quest for the Orb.
     0 | D:1      | Reached XP level 1. HP: 19/19 MP: 0/0
   152 | D:1      | Reached XP level 2. HP: 23/27 MP: 1/1
   305 | D:1      | Reached ** piety under Trog
   369 | D:1      | Reached XP level 3. HP: 33/33 MP: 2/2
  1114 | D:2      | Reached XP level 4. HP: 41/41 MP: 3/3
  1584 | D:3      | Reached skill level 5 in Fighting
  1587 | D:3      | Reached *** piety under Trog
  1629 | D:3      | Reached skill level 5 in Axes
  1658 | D:3      | Found a glowing golden altar of the Shining One.
  1749 | D:3      | Found a deep blue altar of Sif Muna.
  1808 | D:3      | Reached XP level 5. HP: 47/48 MP: 4/4
  1816 | D:3      | Found a glowing drain.
  1836 | Sewer    | Entered a sewer
  1997 | Sewer    | Reached **** piety under Trog
  2174 | Sewer    | Reached XP level 6. HP: 29/57 MP: 1/5
  2523 | D:3      | Found a basalt altar of Yredelemnul.
  3018 | D:4      | Noticed Grinder
  3077 | D:4      | Noticed Eustachio
  3092 | D:4      | Killed Eustachio
  3092 | D:4      | Reached skill level 5 in Armour
  3092 | D:4      | Reached XP level 7. HP: 64/64 MP: 6/6
  3220 | D:4      | Killed Grinder
  3274 | D:4      | Found a bloodstained altar of Trog.
  3389 | D:4      | Found a shadowy altar of Dithmenos.
  3786 | D:5      | Entered Level 5 of the Dungeon
  3839 | D:5      | Reached XP level 8. HP: 74/74 MP: 7/7
  4090 | D:5      | Noticed nikopol's ghost (novice HOBe)
  4106 | D:5      | Killed nikopol's ghost
  4324 | D:5      | Found a radiant altar of Vehumet.
  4333 | D:5      | Found an opulent altar of Gozag.
  4716 | D:6      | Found a sacrificial altar of Ru.
  4731 | D:6      | Reached XP level 9. HP: 58/82 MP: 5/8
  4962 | D:6      | Found a shattered altar of Ashenzari.
  5101 | D:6      | Reached skill level 10 in Axes
  5350 | D:6      | Reached ***** piety under Trog
  5519 | D:7      | Noticed a green ugly thing
  5529 | D:7      | Killed a green ugly thing
  5529 | D:7      | Reached skill level 10 in Fighting
  5666 | D:7      | Received a gift from Trog
  5911 | D:7      | Found a shimmering altar of Xom.
  5966 | D:7      | Found a staircase to the Ecumenical Temple.
  5968 | D:7      | Found Ugimna's Antique Weapon Boutique.
  5977 | D:7      | Bought an ancient trident for 195 gold pieces
  5977 | D:7      | Identified the +10 trident "Juexymn" {venom, +Blink rPois rF- SInv} (You bought it in a shop on level 7 of the Dungeon)
  6104 | D:7      | Found an oddly glowing altar of Pakellas.
  6718 | D:8      | Reached XP level 10. HP: 75/93 MP: 4/9
  6784 | D:8      | Found a sacrificial altar of Ru.
  6818 | D:8      | Found a burning altar of Makhleb.
  6822 | D:8      | Found a glowing silver altar of Zin.
  6822 | D:8      | Noticed an angel
  6822 | D:8      | Noticed a green death
  6858 | D:8      | Paralysed by fainting for 7 turns
  6860 | D:8      | HP: 4/94 [hungry ghost (4)]
  6861 | D:8      | Slain by a centaur

Skill      XL: |  1  2  3  4  5  6  7  8  9 10 |
---------------+-------------------------------+-----
Axes           | 4 5 6 7 9 11 | 11.5
Fighting       | 4 5 6 7 9 10 11 | 11.0
Armour         | 3 4 5 7 8 |  8.7
Polearms       | |  0.5
Dodging        | |  2.1

Action                   |  1- 3 |  4- 6 |  7- 9 | 10-12 || total
-------------------------+-------+-------+-------+-------++-------
Melee: Hand axe          |    79 |   167 |   218 |       ||   464
       Headbutt          |    13 |    25 |    53 |     2 ||    93
       Trident           |       |       |    41 |    14 ||    55
Invok: Berserk           |       |     3 |    10 |     1 ||    14
       Trog's Hand       |       |       |     3 |       ||     3
       Burn Spellbooks   |       |       |     1 |       ||     1
  Use: Scroll            |     2 |     6 |     3 |       ||    11
       Potion            |     1 |     4 |     3 |       ||     8
 Stab: Sleeping          |     1 |       |       |       ||     1
  Eat: Bread ration      |       |     1 |     3 |       ||     4
       Meat ration       |       |     1 |     2 |       ||     3
       Chunk             |       |       |     3 |       ||     3
       Fruit             |       |       |     2 |       ||     2
Armor: Animal skin       |    22 |    33 |       |       ||    55
       Chain mail        |       |     7 |    12 |       ||    19
       Robe              |       |       |    33 |    10 ||    43
Dodge: Dodged            |    52 |   135 |   103 |     9 ||   299
Block: Buckler           |       |       |     7 |       ||     7
